 Dungeon Sprint DCSS version 0.31.0-4-g52a2dc7128 (webtiles) character file.

Game seed: 16791432106419130717

3608036 Groucho the Minotaur Cataclysm (level 21, 224/224 HPs)
             Began as a Minotaur Fighter on Jan 21, 2024.
             Was a High Priest of Qazlal.
             Escaped with the Orb
             ... and 3 runes!
             The game lasted 01:01:50 (18944 turns).

Groucho the Minotaur Cataclysm (Minotaur Fighter)  Turns: 18944, Time: 01:01:51

Health: 224/224    AC: 64    Str: 29    XL:     21   Next: 51%
Magic:  51/51      EV: 34    Int:  5    God:    Qazlal [*****.]
Gold:   287        SH: 42    Dex: 21    Spells: 74/74 levels left

rFire   + + +        j - +13 sceptre of Asmodeus
rCold   . . .        u - +3 tower shield {AC+3}
rNeg    + . .        v - +12 shadow dragon scales
rPois   .            c - +4 hat
rElec   .            K - +4 cloak
rCorr   .            O - +4 pair of gloves
SInv    +            e - +0 pair of boots {Fly}
Will    ++...        g - amulet of Nawewim {Reflect SH+5 SInv}
Stlth   +            L - ring "Voic Nyd" {rN+ AC+6 Str+2 Dex+4}
HPRegen 1.37/turn    S - ring "Yha Nuar" {rF+ Will+ EV+6}
MPRegen 0.32/turn

%: no teleportation, repel missiles, reflection
@: flying
A: horns 2, retaliatory headbutt, thin skeletal structure 1, fire resistance 2,
regeneration 1, inability to drink after injury 2, inability to read after
injury 1
0: Orb of Zot
}: 3/3 runes: silver, golden, iron
a: Renounce Religion, Upheaval, Elemental Force, Disaster Area


You escaped.
You worshipped Qazlal.
Qazlal was extremely pleased with you.
You visited 1 branch You collected 287 gold pieces.

Inventory:

Hand Weapons
 j - the +13 sceptre of Asmodeus (weapon)
   (You took it off Asmodeus in the Dungeon)

   Fire Summon: It may summon demons of flame and damnation when striking foes.
 G - a +3 sacred scourge of holy wrath
Armour
 c - a +4 hat (worn)
 e - a +0 pair of boots of flying (worn)
 p - the orb of Dispater {+Damnation *Corrode AC+5}
   (You took it off Dispater in the Dungeon)

   +Damnation: It grants the ability to hurl damnation at the cost of health and
   magic, with strength depending on Evocations skill.
   AC+5:      It affects your AC (+5).
   *Corrode:  It may corrode you when you take damage.
 u - a +3 tower shield of protection (worn)
 v - +12 shadow dragon scales (worn)
 K - a +4 cloak (worn)
 O - a +4 pair of gloves (worn)
Jewellery
 a - the ring "Ixykhlea" {rN++ rCorr MP+9 Str-3 Slay+5}
   (You found it in the Dungeon)

   [ring of slaying]

   Str-3:     It affects your strength (-3).
   Slay+5:    It affects your accuracy & damage with ranged weapons and melee
   (+5).
   rN++:      It greatly protects you from negative energy.
   MP+9:      It affects your magic capacity (+9).
   rCorr:     It protects you from acid and corrosion.
 b - a ring of positive energy
 d - the ring "Gioq Ebya" {rElec rPois Will+ Str+6 Stlth-}
   (You found it in the Dungeon)

   [ring of strength]

   Str+6:     It affects your strength (+6).
   rElec:     It insulates you from electricity.
   rPois:     It protects you from poison Will+: It increases your willpower.
   Stlth-:    It makes you less stealthy.
 g - the amulet of Nawewim (around neck) {Reflect SH+5 SInv}
   (You found it in the Dungeon)

   [amulet of reflection]

   Reflect:   It reflects blocked missile attacks.
   SInv:      It lets you see invisible.
   SH+5:      It affects your SH (+5).
 k - the ring "Cieb" {rElec rN+ rCorr Int+2}
   (You found it in the Dungeon)

   [ring of resist corrosion]

   Int+2:     It affects your intelligence (+2).
   rElec:     It insulates you from electricity.
   rN+:       It protects you from negative energy.
   rCorr:     It protects you from acid and corrosion.
 q - the ring of the Turtle {rPois rN+ Will+ Slay+5}
   (You found it in the Dungeon)

   [ring of slaying]

   Slay+5:    It affects your accuracy & damage with ranged weapons and melee
   (+5).
   rPois:     It protects you from poison rN+: It protects you from negative
   energy.
   Will+:     It increases your willpower.
 t - the ring "Ucvigu Kiumm" {Dex+6 Stlth+}
   (You found it in the Dungeon)

   [ring of dexterity]

   Dex+6:     It affects your dexterity (+6).
   Stlth+:    It makes you more stealthy.
 D - the ring "Ijerobb" {rElec rF+ rC- rCorr Int+3}
   (You took it off a necromancer in the Dungeon)

   [ring of protection from fire]

   Int+3:     It affects your intelligence (+3).
   rF+:       It protects you from fire.
   rC-:       It makes you vulnerable to cold.
   rElec:     It insulates you from electricity.
   rCorr:     It protects you from acid and corrosion.
 F - the necklace of Bloodlust {Fury *Rage Will++ Int-3 Slay+6}
   (You took it off a vampire knight in the Dungeon)

   [amulet of nothing]

   Fury:      It extends the wearer's berserk rage when killing foes.
   Int-3:     It affects your intelligence (-3).
   Slay+6:    It affects your accuracy & damage with ranged weapons and melee
   (+6).
   Will++:    It greatly increases your willpower.
   *Rage:     It berserks you when you make melee attacks (+50% chance).
 I - the ring of Qafoso Jypil {Fly rN+ Str+6 Slay+2 Stlth+}
   (You found it in the Dungeon)

   [ring of strength]

   Str+6:     It affects your strength (+6).
   Slay+2:    It affects your accuracy & damage with ranged weapons and melee
   (+2).
   rN+:       It protects you from negative energy.
   Fly:       It grants you flight.
   Stlth+:    It makes you more stealthy.
 J - the ring of the Modern Peach {*Slow Fly rPois Dex+6 SInv}
   (You found it in the Dungeon)

   [ring of dexterity]

   Dex+6:     It affects your dexterity (+6).
   rPois:     It protects you from poison SInv: It lets you see invisible.
   Fly:       It grants you flight.
   *Slow:     It may slow you when you take damage.
 L - the ring "Voic Nyd" (left hand) {rN+ AC+6 Str+2 Dex+4}
   (You found it in the Dungeon)

   [ring of protection]

   AC+6:      It affects your AC (+6).
   Str+2:     It affects your strength (+2).
   Dex+4:     It affects your dexterity (+4).
   rN+:       It protects you from negative energy.
 M - the ring of the Evening {rF+ rN+}
   (You found it in the Dungeon)

   [ring of positive energy]

   rF+:       It protects you from fire.
   rN+:       It protects you from negative energy.
 P - the ring "Ygigov" {rN+ Str+3 Int+4 SInv}
   (You found it in the Dungeon)

   [ring of see invisible]

   Str+3:     It affects your strength (+3).
   Int+4:     It affects your intelligence (+4).
   rN+:       It protects you from negative energy.
   SInv:      It lets you see invisible.
 Q - the ring of Novolo {rN+ Will+}
   (You found it in the Dungeon)

   [ring of willpower]

   rN+:       It protects you from negative energy.
   Will+:     It increases your willpower.
 R - the ring "Jikhlebb" {rN+ Int+6}
   (You found it in the Dungeon)

   [ring of intelligence]

   Int+6:     It affects your intelligence (+6).
   rN+:       It protects you from negative energy.
 S - the ring "Yha Nuar" (right hand) {rF+ Will+ EV+6}
   (You found it in the Dungeon)

   [ring of evasion]

   EV+6:      It affects your evasion (+6).
   rF+:       It protects you from fire.
   Will+:     It increases your willpower.
 V - the ring of Fikiaxt {^Drain rF+++ rN+ Int+3}
   (You found it in the Dungeon)

   [ring of positive energy]

   Int+3:     It affects your intelligence (+3).
   rF+++:     It renders you almost immune to fire.
   rN+:       It protects you from negative energy.
   ^Drain:    It drains your maximum health when unequipped.
 W - the ring "Vysy" {rElec rPois AC+4 Stlth+}
   (You took it off a daeva in the Dungeon)

   [ring of protection]

   AC+4:      It affects your AC (+4).
   rElec:     It insulates you from electricity.
   rPois:     It protects you from poison Stlth+: It makes you more stealthy.
Wands
 E - a wand of flame (7)
Scrolls
 m - 3 scrolls of vulnerability
 n - 6 scrolls of amnesia
 o - a scroll of summoning
 w - 6 scrolls of identify
 x - 6 scrolls of fog
 y - 4 scrolls of fear
 z - 4 scrolls of enchant armour
 B - a scroll of blinking
 N - 4 scrolls of revelation
 U - 2 scrolls of enchant weapon
Potions
 f - 12 potions of curing
 h - 3 potions of magic
 i - 5 potions of berserk rage
 l - a potion of invisibility
 r - 4 potions of mutation
 s - 7 potions of haste
 A - 2 potions of might
 C - 3 potions of brilliance
 H - a potion of cancellation
 T - 11 potions of heal wounds
 Y - a potion of lignification
Miscellaneous
 X - a condenser vane
 Z - a phantom mirror


   Skills:
 O Level 27 Fighting
 O Level 27 Axes
 O Level 27 Maces & Flails
 O Level 27 Polearms
 + Level 23.9(27) Staves
 O Level 27 Armour
 O Level 27 Dodging
 O Level 27 Shields
 O Level 27 Spellcasting
 + Level 14.6 Fire Magic
 O Level 27 Invocations
 O Level 27 Evocations


You had 74 spell levels left.
You didn't know any spells.
Your spell library contained the following spells:

 Spells                   Type           Power      Damage    Failure   Level
 Foxfire                  Conj/Fire      56%        2x1d6     1%          1
 Inner Flame              Hex/Fire       14%        N/A       1%          3
 Flame Wave               Conj/Fire      14%        2d6       3%          4
 Ignite Poison            Fire/Alch      14%        N/A       3%          4
 Sticky Flame             Fire/Alch      14%        2d5       3%          4
 Apportation              Tloc           12%        N/A       7%          1
 Necrotise                Necr           24%        1d5       7%          1
 Sandblast                Erth           12%        2d6       7%          1
 Sting                    Conj/Alch      24%        1d4       7%          1
 Summon Small Mammal      Summ           24%        N/A       7%          1
 Blink                    Tloc           12%        N/A       11%         2
 Cigotuvi's Dreadful Rot  Necr/Alch/Air  12%        N/A       11%         2
 Ensorcelled Hibernation  Hex/Ice        12%        N/A       11%         2
 Lesser Beckoning         Tloc           12%        N/A       11%         2
 Momentum Strike          Conj/Tloc      12%        3d8       11%         2
 Static Discharge         Conj/Air       12%        3-4/arc   11%         2
 Call Canine Familiar     Summ           6%         N/A       21%         3
 Fugue of the Fallen      Necr           6%         N/A       21%         3
 Gell's Gravitas          Tloc           6%         N/A       21%         3
 Passwall                 Erth           6%         N/A       21%         3
 Sigil of Binding         Hex            6%         N/A       21%         3
 Stone Arrow              Conj/Erth      12%        3d7       21%         3
 Swiftness                Air            6%         N/A       21%         3
 Teleport Other           Tloc           6%         N/A       21%         3
 Plasma Beam              Fire/Air       7%         2x1d17    47%         6
 Starburst                Conj/Fire      7%         6d4       47%         6
 Airstrike                Air            3%         2d(1-17)  56%         4
 Anguish                  Hex/Necr       3%         N/A       56%         4
 Brom's Barrelling Bould  Conj/Erth      6%         2d3       56%         4
 Cause Fear               Hex            3%         N/A       56%         4
 Dimensional Bullseye     Hex/Tloc       3%         N/A       56%         4
 Leda's Liquefaction      Alch/Erth      3%         N/A       56%         4
 Passage of Golubria      Tloc           6%         N/A       56%         4
 Petrify                  Alch/Erth      6%         N/A       56%         4
 Summon Lightning Spire   Summ/Air       6%         N/A       56%         4
 Vhi's Electric Charge    Tloc/Air       12%        N/A       56%         4
 Alistair's Intoxication  Alch           4%         N/A       88%         5
 Arcjolt                  Conj/Air       3%         1d13      88%         5
 Borgnjor's Vile Clutch   Necr/Erth      3%         N/A       88%         5
 Freezing Cloud           Conj/Ice/Air   3%         6-21      88%         5
 Iskenderun's Battlesphe  Conj           6%         2d6       88%         5
 Silence                  Hex/Air        3%         N/A       88%         5
 Dispersal                Tloc           3%         N/A       100%        6
 Eringya's Noxious Bog    Alch           3%         4d6       100%        6
 Sculpt Simulacrum        Ice/Alch       3%         N/A       100%        6
 Enfeeble                 Hex            3%         N/A       100%        7
 Haunt                    Necr/Summ      3%         N/A       100%        7
 Borgnjor's Revivificati  Necr           3%         N/A       100%        8
 Lehudib's Crystal Spear  Conj/Erth      3%         10d2      100%        8
 Maxwell's Capacitive Co  Air            3%         ∞         100%        8
 Chain Lightning          Conj/Air       3%         3d4       100%        9
 Death's Door             Necr           3%         N/A       100%        9
 Fire Storm               Conj/Fire      7%         8d2       100%        9
 Shatter                  Erth           3%         3d7*      100%        9


Dungeon Overview and Level Annotations

Branches:
Dungeon (1/1)

Altars:
Ashenzari
Cheibriados
Dithmenos
Elyvilon
Fedhas
Gozag
Hepliaklqana
Kikubaaqudgha
Makhleb
Nemelex Xobeh
Okawaru
Qazlal
Ru
Sif Muna
Trog
Uskayaw
Vehumet
Wu Jian
Xom
Yredelemnul
Zin
The Shining One
Jiyva
Lugonu


Innate Abilities, Weirdness & Mutations

You have a pair of horns on your head.
You reflexively headbutt those who attack you in melee.
You have a somewhat thin skeletal structure. (Dex +2, Stealth+)
Your flesh is very heat resistant. (rF++)
Your natural rate of healing is unusually fast.
You sometimes lose the ability to drink potions when taking damage.
You occasionally lose the ability to read scrolls when taking damage.


Message History

Qazlal accepts your kill.
Things that are here:
a +1 falchion of flaming; a +0 shortbow; a +0 robe You reach down and open the huge gate.
An Orb Guardian comes into view.
There is a huge open gate to the Grid Vault (Hard) here.
There is a huge open gate to the Grid Vault (Hard) here.
You block the Orb Guardian's attack.
You puncture the Orb Guardian!
The Orb Guardian is lightly wounded.
You block the Orb Guardian's attack.
You hit the Orb Guardian but do no damage.
You headbutt the Orb Guardian, but do no damage.
The Orb Guardian is lightly wounded.
You block the Orb Guardian's attack.
You puncture the Orb Guardian!
The Orb Guardian is moderately wounded.
You block the Orb Guardian's attack.
You impale the Orb Guardian!!
The sceptre summons one of its terrible servants.
Your headbutt misses the Orb Guardian.
The Orb Guardian is heavily wounded.
You block the Orb Guardian's attack.
You bludgeon the Orb Guardian!! Your headbutt misses the Orb Guardian.
The Orb Guardian is severely wounded.
You block the Orb Guardian's attack.
You barely miss the Orb Guardian.
The Orb Guardian is severely wounded.
Your balrug hits the Orb Guardian with a +0 demon whip!!
The Orb Guardian is engulfed in flames!
You block the Orb Guardian's attack.
You completely miss the Orb Guardian.
The Orb Guardian is almost dead.
Your balrug hits the Orb Guardian with a +0 demon whip.
The Orb Guardian dies!
Qazlal accepts your kill.
Your balrug is engulfed in freezing vapours.
There is an open door to the Entrance Hall (Safe) here.
You see here a +0 club.
There is a staircase leading out of the dungeon here.
You have escaped!

##########.##................''..
#...........'................''..
#)#####'#####......#..#......##..
#.#.....#..##..).............##..
#.#.....#))#####'#####''#########
#.###'###))##.......##')#########
#.#.....#))##..○....##......#...+
#.#...).#[[##...2.○.##....###.).#
#)####)##'###.§☼@.°.##...##.+...+
#.#...[)...##....§○.##..##..##'##
#.#........##.......##..#..##...#
#)###########.......##..#..#.....
#)......#.. ##########..'..'.....
#.###...#.############..#..#.....
#.#.....#.#....#..[[##..#..##...#
#.#...#.#[#†...#....##..##..##'##
#)....#.#.'....'..))##...##.+...)


You could see a friendly balrug (summoned).

Vanquished Creatures
  Asmodeus (D)
  Antaeus (D)
  Ignacio (D)
  Ereshkigal (D)
  Dissolution (D)
  Gloorx Vloq (D)
  Dispater (D)
  Frederick (D)
  3 orbs of fire (D)
  Mara (D)
  3 ancient liches (D)
  6 royal mummies (D)
  Boris (D)
  Saint Roka (D)
  6 pandemonium lords (D)
  A Killer Klown (D)
  2 curse toes (D)
  Margery (D)
  Geryon (D)
  Nikola (D)
  Jory (D)
  2 bone dragons (D)
  3 golden dragons (D)
  3 pearl dragons (D)
  3 profane servitors (D)
  A Tzitzimitl (D)
  Rupert (D)
  2 electric golems (D)
  5 Brimstone Fiends (D)
  3 liches (D)
  3 tentacled monstrosities (D)
  6 Hell Sentinels (D)
  26 Orb Guardians (D)
  5 Ice Fiends (D)
  3 deep elf blademasters (D)
  7 titans (D)
  5 deep elf master archers (D)
  A searing wretch (D)
  3 quicksilver dragons (D)
  3 sphinxes (D)
  2 acid blobs (D)
  An Executioner (D)
  2 shadow dragons (D)
  A death cob (D)
  5 nagarajas (D)
  5 fire giants (D)
  2 storm dragons (D)
  2 azure jellies (D)
  2 rockslimes (D)
  A draconian knight (D)
  4 frost giants (D)
  31 daevas (D)
  Louise (D)
  A ghost moth (D)
  2 emperor scorpions (D)
  A draconian scorcher (D)
  3 cacodemons (D)
  31 angels (D)
  A reaper (D)
  4 ghouls (D)
  4 orc warlords (D)
  4 balrugs (D)
  A spriggan defender (D)
  A vampire knight (D)
  A deep elf demonologist (D)
  An ophan (D)
  3 apis (D)
  2 stone giants (D)
  3 deep elf death magi (D)
  3 black draconians (D)
  2 deep elf annihilators (D)
  3 red draconians (D)
  4 purple draconians (D)
  A white draconian (D)
  A war gargoyle (D)
  Snorg (D)
  5 mummy priests (D)
  2 ettins (D)
  2 merfolk impalers (D)
  3 blizzard demons (D)
  3 yellow draconians (D)
  An eidolon (D)
  2 green deaths (D)
  A fire dragon (D)
  A yaktaur captain (D)
  2 deep elf high priests (D)
  An ice dragon (D)
  A great orb of eyes (D)
  3 ogre magi (D)
  A merfolk avatar (D)
  7 vault guards (D)
  2 spriggan air magi (D)
  2 hell beasts (D)
  An alligator snapping turtle (D)
  An anaconda (D)
  4 death knights (D)
  A merfolk aquamancer (D)
  2 dancing weapons (D)
  4 two-headed ogres (D)
  2 deep troll shamans (D)
  3 hell hogs (D)
  4 naga warriors (D)
  An orc high priest (D)
  A deep troll earth mage (D)
  A vampire mage (D)
  3 sun demons (D)
  5 occultists (D)
  2 soul eaters (D)
  3 deep elf knights (D)
  38 hell knights (D)
  A sixfirhy (D)
  A fire crab (D)
  An iron troll (D)
  16 cherubim (D)
  4 deep trolls (D)
  A flayed ghost (D)
  A shadow demon (D)
  9 arcanists (D)
  2 bog bodies (D)
  Pikel (D)
  21 necromancers (D)
  12 orc knights (D)
  A large abomination (D)
  An ugly thing (D)
  An orc sorcerer (D)
  A deep elf pyromancer (D)
  2 deep elf zephyrmancers (D)
  A moth of wrath (D)
  2 rust devils (D)
  2 guardian serpents (D)
  3 naga magi (D)
  A molten gargoyle (D)
  2 gargoyles (D)
  A smoke demon (D)
  2 black mambas (D)
  An orange demon (D)
  Joseph (D)
  2 hellions (D)
  A tormentor (D)
  A rime drake (D)
  A guardian mummy (D)
  4 yaktaurs (D)
  2 red devils (D)
  2 wandering mushrooms (D)
  7 merfolk (D)
  2 polar bears (D)
  A wind drake (D)
  5 hornets (D)
  Grinder (D)
  A tyrant leech (D)
  9 blink frogs (D)
  A tarantella (D)
  2 glass eyes (D)
  Sigmund (D)
  A slime creature (D)
  A jumping spider (D)
  2 air elementals (D)
  5 spriggans (D)
  2 water elementals (D)
  7 yaks (D)
  2 ynoxinuls (D)
  10 humans (D)
  2 fire bats (D)
  A vampire (D)
  A golden eye (D)
  2 wargs (D)
  2 vampire mosquitoes (D)
  A chaos spawn (D)
  2 redbacks (D)
  A neqoxec (D)
  Menkaure (D)
  A water moccasin (D)
  4 hell hounds (D)
  12 orc warriors (D)
  2 swamp drakes (D)
  A small abomination (D)
  3 centaurs (D)
  2 ogres (D)
  A kobold brigand (D)
  A bullfrog (D)
  A gnoll sergeant (D)
  A necrophage (D)
  A jelly (D)
  An iron imp (D)
  3 orc priests (D)
  Crazy Yiuf (D)
  A gnoll bouda (D)
  Terence (D)
  2 orc wizards (D)
  8 gnolls (D)
  2 ufetubi (D)
  An adder skeleton (D)
  A dart slug (D)
  24 orcs (D)
  A bat skeleton (D)
  An endoplasm (D)
  2 quokkas (D)
  A ball python (D)
  A ball python simulacrum (D)
  A ball python skeleton (D)
  2 ball python zombies (D)
  A bat (D)
  A bat simulacrum (D)
  A quokka skeleton (D)
  A quokka zombie (D)
639 creatures vanquished.

Vanquished Creatures (collateral kills)
  Xtahua (D)
  An Orb Guardian (D)
  A tentacled monstrosity (D)
  A titan (D)
4 creatures vanquished.

Vanquished Creatures (others)
  An orc (D)
  2 fire vortices (D)
3 creatures vanquished.

Grand Total: 646 creatures vanquished

Notes
Turn   | Place    | Note
-------+----------+-------------------------------------------
     0 | D        | Groucho the Minotaur Fighter began the quest for the Orb.
     0 | D        | Reached XP level 1. HP: 19/19 MP: 0/0
    39 | D        | Found a bloodstained altar of Trog.
    39 | D        | Found a shimmering blue altar of Sif Muna.
    39 | D        | Found a viscous altar of Jiyva.
    39 | D        | Found a hazy altar of Hepliaklqana.
    39 | D        | Found an opulent altar of Gozag.
    40 | D        | Found a glowing golden altar of the Shining One.
    40 | D        | Found a glowing silver altar of Zin.
    40 | D        | Found a basalt altar of Yredelemnul.
    40 | D        | Found a shimmering altar of Xom.
    40 | D        | Found an ornate altar of the Wu Jian Council.
    40 | D        | Found a sacrificial altar of Ru.
    40 | D        | Found a stormy altar of Qazlal.
    40 | D        | Found an iron altar of Okawaru.
    40 | D        | Found a sparkling altar of Nemelex Xobeh.
    40 | D        | Found a burning altar of Makhleb.
    40 | D        | Found a blossoming altar of Fedhas.
    40 | D        | Found a white marble altar of Elyvilon.
    40 | D        | Found a shadowy altar of Dithmenos.
    40 | D        | Found a snail-covered altar of Cheibriados.
    42 | D        | Found a corrupted altar of Lugonu.
    42 | D        | Found a radiant altar of Vehumet.
    43 | D        | Found an ancient bone altar of Kikubaaqudgha.
    43 | D        | Found a hide-covered altar of Uskayaw.
    43 | D        | Found a broken altar of Ashenzari.
    46 | D        | Became a worshipper of Qazlal Stormbringer
    66 | D        | Reached skill level 1 in Invocations
    77 | D        | Reached * piety under Qazlal
    83 | D        | Noticed a gnoll bouda
    87 | D        | Reached XP level 2. HP: 26/28 MP: 0/2
    89 | D        | Reached ** piety under Qazlal
    94 | D        | Reached XP level 3. HP: 34/34 MP: 1/4
   101 | D        | Reached *** piety under Qazlal
   102 | D        | Reached skill level 5 in Fighting
   102 | D        | Reached skill level 5 in Armour
   102 | D        | Reached skill level 5 in Shields
   108 | D        | Reached XP level 4. HP: 3/42 MP: 2/6
   565 | D        | Noticed a fire bat
   567 | D        | Reached **** piety under Qazlal
   568 | D        | Reached skill level 1 in Maces & Flails
   568 | D        | Reached skill level 5 in Invocations
   585 | D        | Reached XP level 5. HP: 43/50 MP: 1/8
   619 | D        | Noticed Grinder
   625 | D        | Paralysed by Grinder for 2 turns
   627 | D        | Killed a fire bat
   628 | D        | Reached XP level 6. HP: 60/60 MP: 0/10
   630 | D        | Killed Grinder
   631 | D        | Noticed Sigmund
   639 | D        | Reached XP level 7. HP: 69/69 MP: 12/12
   640 | D        | Killed Sigmund
   640 | D        | Noticed a fire bat
   699 | D        | Killed a fire bat
   700 | D        | Reached skill level 10 in Invocations
   709 | D        | Noticed Pikel
   720 | D        | Killed Pikel
   720 | D        | Reached ***** piety under Qazlal
   721 | D        | Reached skill level 10 in Fighting
   721 | D        | Reached skill level 10 in Armour
   721 | D        | Reached skill level 10 in Shields
   721 | D        | Reached XP level 8. HP: 78/79 MP: 12/15
   723 | D        | Noticed a gargoyle
   732 | D        | Killed a gargoyle
  1056 | D        | Noticed Menkaure
  1056 | D        | Noticed Terence
  1059 | D        | Killed Terence
  1060 | D        | Killed Menkaure
  1284 | D        | Noticed a polar bear
  1286 | D        | Killed a polar bear
  1287 | D        | Reached XP level 9. HP: 89/89 MP: 10/17
  1407 | D        | Noticed a deep elf zephyrmancer
  1409 | D        | Killed a deep elf zephyrmancer
  1822 | D        | Noticed a tyrant leech
  1845 | D        | Killed a tyrant leech
  2025 | D        | Noticed an orange demon
  2031 | D        | Killed an orange demon
  2158 | D        | Noticed Crazy Yiuf
  2160 | D        | Killed Crazy Yiuf
  2161 | D        | Reached XP level 10. HP: 100/100 MP: 10/19
  2629 | D        | Reached ****** piety under Qazlal
  2630 | D        | Reached skill level 15 in Invocations
  3052 | D        | Noticed Snorg
  3055 | D        | Noticed an orc sorcerer
  3055 | D        | Noticed an ogre mage
  3055 | D        | Noticed an orc high priest
  3055 | D        | Noticed a deep troll
  3056 | D        | Noticed a two-headed ogre
  3057 | D        | Noticed an orange demon
  3057 | D        | Killed an orc sorcerer
  3057 | D        | Killed a deep troll
  3057 | D        | Noticed a two-headed ogre
  3058 | D        | Killed an orc high priest
  3059 | D        | Killed a two-headed ogre
  3059 | D        | Noticed a two-headed ogre
  3060 | D        | Killed a two-headed ogre
  3060 | D        | Killed an ogre mage
  3061 | D        | Reached XP level 11. HP: 108/111 MP: 5/22
  3061 | D        | Killed Snorg
  3062 | D        | Reached skill level 15 in Fighting
  3062 | D        | Reached skill level 15 in Armour
  3064 | D        | Noticed a two-headed ogre
  3067 | D        | Noticed a merfolk avatar
  3070 | D        | Killed a two-headed ogre
  3071 | D        | Reached skill level 15 in Shields
  3076 | D        | Killed a two-headed ogre
  3090 | D        | Killed a merfolk avatar
  3356 | D        | Noticed a deep elf zephyrmancer
  3357 | D        | Killed a deep elf zephyrmancer
  3357 | D        | Noticed an arcanist
  3361 | D        | Noticed a flayed ghost
  3362 | D        | Killed an arcanist
  3362 | D        | Killed a flayed ghost
  3363 | D        | Reached XP level 12. HP: 92/124 MP: 5/24
  4152 | D        | Noticed an alligator snapping turtle
  4169 | D        | Killed an alligator snapping turtle
  4683 | D        | Noticed a nagaraja
  4684 | D        | Noticed Joseph
  4687 | D        | Killed Joseph
  4688 | D        | Killed a nagaraja
  5013 | D        | Noticed a nagaraja
  5019 | D        | Killed a nagaraja
  5020 | D        | Reached skill level 5 in Maces & Flails
  5407 | D        | Noticed a mummy priest
  5407 | D        | Noticed a death knight
  5409 | D        | Killed a mummy priest
  5409 | D        | Noticed a lich
  5411 | D        | Killed a death knight
  5413 | D        | Noticed a nagaraja
  5430 | D        | Killed a nagaraja
  5448 | D        | Killed a lich
  5450 | D        | Noticed a deep elf high priest
  5455 | D        | Killed a deep elf high priest
  5617 | D        | Noticed a deep elf annihilator
  5619 | D        | Killed a deep elf annihilator
  5686 | D        | Noticed an ogre mage
  5688 | D        | Killed an ogre mage
  5689 | D        | Reached skill level 1 in Dodging
  5689 | D        | Reached XP level 13. HP: 136/136 MP: 22/26
  5692 | D        | Noticed a deep elf death mage
  5693 | D        | Killed a deep elf death mage
  5694 | D        | Noticed a nagaraja
  5695 | D        | Noticed a red draconian
  5698 | D        | Noticed a sphinx
  5705 | D        | Killed a nagaraja
  5706 | D        | Noticed a daeva
  5706 | D        | Noticed a nagaraja
  5709 | D        | Killed a nagaraja
  5709 | D        | Killed a red draconian
  5713 | D        | Noticed a balrug
  5715 | D        | Killed a daeva
  5717 | D        | Killed a sphinx
  5728 | D        | Killed a balrug
  5729 | D        | Reached skill level 10 in Maces & Flails
  5729 | D        | Reached skill level 5 in Dodging
  5762 | D        | Noticed a purple draconian
  5764 | D        | Killed a purple draconian
  5770 | D        | Noticed a deep elf death mage
  5772 | D        | Killed a deep elf death mage
  5776 | D        | Killed a ghostly deep elf death mage
  6187 | D        | Noticed a sphinx
  6197 | D        | Killed a sphinx
  6226 | D        | Got Sif Muna's Disquisition on Twinkling Conjuration
  6237 | D        | Got the Papyrus of Too Many Cooks
  6264 | D        | Got the ring of Qafoso Jypil {Fly rN+ Str+6 Slay+2 Stlth+}
  6266 | D        | Got the ring of the Modern Peach {*Slow Fly rPois Dex+6
                  | SInv}
  6268 | D        | Got the ring of Wynazirgh {Fire *Corrode rN+ Will+ Slay+6}
  6270 | D        | Got the ring "Voic Nyd" {rN+ AC+6 Str+2 Dex+4}
  6272 | D        | Got the ring of the Evening {rF+ rN+}
  6275 | D        | Got the ring of Ephemeral Luck {^Drain rElec rC+ Dex+6
                  | SInv}
  6277 | D        | Got the ring "Nyalaf" {Fire Dex+4}
  6279 | D        | Got the ring "Ygigov" {rN+ Str+3 Int+4 SInv}
  6281 | D        | Got the ring of Novolo {rN+ Will+}
  6283 | D        | Got the ring "Jikhlebb" {rN+ Int+6}
  6285 | D        | Got the ring "Yha Nuar" {rF+ Will+ EV+6}
  6288 | D        | Got the ring "Haf Ureg" {rC+ rN+ Int+5 Slay-5}
  6290 | D        | Got the ring of Hamunimm {*Slow Will+++ Str+6 Int+4}
  6292 | D        | Got the ring of Fikiaxt {^Drain rF+++ rN+ Int+3}
  6319 | D        | Got the ring "Ixykhlea" {rN++ rCorr MP+9 Str-3 Slay+5}
  6321 | D        | Got the ring "Gioq Ebya" {rElec rPois Will+ Str+6 Stlth-}
  6323 | D        | Got the amulet of the Hippogriff {Spirit Harm}
  6326 | D        | Got the amulet of Nawewim {Reflect SH+5 SInv}
  6328 | D        | Got the ring "Cieb" {rElec rN+ rCorr Int+2}
  6336 | D        | Got the ring of the Turtle {rPois rN+ Will+ Slay+5}
  6338 | D        | Got the amulet "Luihocili" {RegenMP +Inv Int+3}
  6341 | D        | Got the ring of Liberty {Fly MP+9}
  6344 | D        | Got the ring "Xeuxir" {rPois rCorr Str+3}
  6347 | D        | Got the amulet "Mumide" {Reflect Will+ SH+5}
  6350 | D        | Got the amulet "Woestub" {rElec Regen+}
  6354 | D        | Got the amulet of the Curious Towns {Spirit Int+5}
  6358 | D        | Got the amulet of the Red Skies {Faith -Tele Rampage rC+}
  6361 | D        | Got the ring "Deima" {Ice rPois rN+++ Dex-3 Stlth+}
  6438 | D        | Noticed an apis
  6438 | D        | Noticed a fire giant
  6438 | D        | Noticed a stone giant
  6438 | D        | Noticed a bone dragon
  6438 | D        | Noticed a ghost moth
  6439 | D        | Killed a ghost moth
  6439 | D        | Killed a stone giant
  6439 | D        | Killed an apis
  6439 | D        | Killed a fire giant
  6440 | D        | Killed a bone dragon
  6446 | D        | Reached XP level 14. HP: 148/148 MP: 3/28
  6558 | D        | Noticed a frost giant
  6560 | D        | Noticed a shadow dragon
  6580 | D        | Killed a shadow dragon
  6588 | D        | Killed a frost giant
  6590 | D        | Noticed a death cob
  6609 | D        | Killed a death cob
  6622 | D        | Noticed a vampire knight
  6633 | D        | Noticed an ophan
  6645 | D        | Paralysed by a vampire knight for 3 turns
  6654 | D        | Killed a vampire knight
  6662 | D        | Killed an ophan
  7064 | D        | Noticed an orc warlord
  7065 | D        | Noticed an orc warlord
  7066 | D        | Killed an orc warlord
  7067 | D        | Reached skill level 10 in Dodging
  7067 | D        | Killed an orc warlord
  7327 | D        | Noticed an emperor scorpion
  7341 | D        | Killed an emperor scorpion
  7746 | D        | Noticed a bone dragon
  7773 | D        | Killed a bone dragon
  7930 | D        | Reached skill level 15 in Maces & Flails
  8033 | D        | Noticed a Hell Sentinel
  8075 | D        | Killed a Hell Sentinel
  8283 | D        | Noticed a balrug
  8290 | D        | Killed a balrug
  8291 | D        | Reached XP level 15. HP: 154/160 MP: 30/30
  8481 | D        | Noticed an orb of fire
  8482 | D        | Gained mutation: You have hidden genetic potential. [an orb
                  | of fire]
  8498 | D        | Gained mutation: You sometimes lose your temper in combat.
                  | [an orb of fire]
  8499 | D        | Gained mutation: You are weak. (Str -2) [an orb of fire]
  8507 | D        | Killed an orb of fire
  8907 | D        | Noticed a Tzitzimitl
  8927 | D        | Killed a Tzitzimitl
  9317 | D        | Noticed a quicksilver dragon
  9325 | D        | Killed a quicksilver dragon
  9471 | D        | Lost mutation: You are weak. (Str -2) [potion of mutation]
  9471 | D        | Lost mutation: You sometimes lose your temper in combat.
                  | [potion of mutation]
  9471 | D        | Gained mutation: Your spells are a little easier to cast,
                  | but a little less powerful. [potion of mutation]
  9471 | D        | Gained mutation: Your flesh is cold resistant. (rC+)
                  | [potion of mutation]
  9471 | D        | Gained mutation: You have great hidden genetic potential.
                  | [potion of mutation]
  9471 | D        | Gained mutation: Your flesh is heat resistant. (rF+)
                  | [potion of mutation]
  9472 | D        | Lost mutation: Your spells are a little easier to cast, but
                  | a little less powerful. [potion of mutation]
  9472 | D        | Lost mutation: You have great hidden genetic potential.
                  | [potion of mutation]
  9472 | D        | Gained mutation: You occasionally lose the ability to drink
                  | potions when taking damage. [potion of mutation]
  9472 | D        | Gained mutation: You sometimes lose the ability to drink
                  | potions when taking damage. [potion of mutation]
  9472 | D        | Gained mutation: Your muscles are strong. (Str +4, Int/Dex
                  | -1) [potion of mutation]
  9473 | D        | Lost mutation: Your muscles are strong. (Str +4, Int/Dex
                  | -1) [potion of mutation]
  9473 | D        | Lost mutation: You have hidden genetic potential. [potion
                  | of mutation]
  9473 | D        | Lost mutation: Your flesh is cold resistant. (rC+) [potion
                  | of mutation]
  9473 | D        | Gained mutation: You have a somewhat thin skeletal
                  | structure. (Dex +2, Stealth+) [potion of mutation]
  9473 | D        | Gained mutation: Your natural rate of healing is unusually
                  | fast. [potion of mutation]
  9473 | D        | Gained mutation: Your flesh is very heat resistant. (rF++)
                  | [potion of mutation]
  9475 | D        | Noticed a profane servitor
  9475 | D        | Noticed a Brimstone Fiend
  9475 | D        | Noticed a Brimstone Fiend
  9475 | D        | Noticed Boris
  9477 | D        | Killed a Brimstone Fiend
  9477 | D        | Killed a Brimstone Fiend
  9477 | D        | Killed a profane servitor
  9483 | D        | Killed Boris
 10134 | D        | Noticed a Hell Sentinel
 10153 | D        | Killed a Hell Sentinel
 10371 | D        | Noticed Vaer the pandemonium lord
 10377 | D        | Killed Vaer the pandemonium lord
 10684 | D        | Noticed a profane servitor
 10716 | D        | Killed a profane servitor
 11115 | D        | Identified the ring "Vysy" {rElec rPois AC+4 Stlth+}
 11115 | D        | Noticed a daeva
 11115 | D        | Noticed a daeva
 11115 | D        | Identified the +1 plate armour of Gluttony {Int+2 Dex+5}
 11115 | D        | Noticed a daeva
 11115 | D        | Noticed a daeva
 11115 | D        | Noticed a daeva
 11115 | D        | Noticed a daeva
 11115 | D        | Noticed a daeva
 11115 | D        | Noticed a daeva
 11116 | D        | Killed a daeva
 11116 | D        | Killed a daeva
 11116 | D        | Killed a daeva
 11116 | D        | Killed a daeva
 11116 | D        | Killed a daeva
 11116 | D        | Killed a daeva
 11116 | D        | Killed a daeva
 11116 | D        | Killed a daeva
 11116 | D        | Killed a daeva
 11116 | D        | Killed a pearl dragon
 11116 | D        | Killed a daeva
 11116 | D        | Killed a daeva
 11116 | D        | Noticed a daeva
 11116 | D        | Killed a daeva
 11117 | D        | Reached skill level 27 in Invocations
 11117 | D        | Reached XP level 16. HP: 117/179 MP: 23/32
 11121 | D        | Identified the +6 chain mail of Rik Xeoh {+Blink +Inv}
 11131 | D        | Reached skill level 27 in Fighting
 11172 | D        | Reached skill level 27 in Armour
 11172 | D        | Reached skill level 27 in Shields
 11229 | D        | Reached XP level 17. HP: 140/191 MP: 5/33
 11814 | D        | Got a golden rune of Zot
 11872 | D        | Noticed a deep elf master archer
 11876 | D        | Killed a deep elf master archer
 11890 | D        | Noticed a royal mummy
 11896 | D        | Killed a royal mummy
 12079 | D        | Noticed Antaeus
 12118 | D        | Killed Antaeus
 12394 | D        | Noticed a pearl dragon
 12402 | D        | Killed a pearl dragon
 12408 | D        | Noticed Ygoidees the pandemonium lord
 12414 | D        | Killed Ygoidees the pandemonium lord
 12424 | D        | Reached skill level 27 in Maces & Flails
 12427 | D        | Noticed Nikola
 12427 | D        | Noticed a quicksilver dragon
 12427 | D        | Noticed a curse toe
 12429 | D        | Killed a quicksilver dragon
 12431 | D        | Killed Nikola
 12433 | D        | Killed a curse toe
 12882 | D        | Noticed an Ice Fiend
 12886 | D        | Killed an Ice Fiend
 12891 | D        | Noticed an Ice Fiend
 12891 | D        | Noticed an electric golem
 12914 | D        | Killed an Ice Fiend
 12915 | D        | Killed an electric golem
 13347 | D        | Found the +13 sceptre of Asmodeus
 13347 | D        | Noticed Asmodeus
 13351 | D        | Noticed a Brimstone Fiend
 13438 | D        | Noticed a Brimstone Fiend
 13773 | D        | Killed Asmodeus
 13774 | D        | Reached skill level 27 in Dodging
 14159 | D        | Noticed an Ice Fiend
 14162 | D        | Killed an Ice Fiend
 14243 | D        | Noticed a Brimstone Fiend
 14243 | D        | Noticed an ancient lich
 14245 | D        | Killed a Brimstone Fiend
 14246 | D        | Reached skill level 10 in Evocations
 14247 | D        | Noticed a golden dragon
 14249 | D        | Killed an ancient lich
 14250 | D        | Noticed Dispater
 14253 | D        | Noticed a titan
 14256 | D        | Killed a golden dragon
 14256 | D        | Noticed a titan
 14260 | D        | Noticed a Killer Klown
 14262 | D        | Noticed a Hell Sentinel
 14269 | D        | Killed a titan
 14269 | D        | Killed a Killer Klown
 14270 | D        | Killed a titan
 14271 | D        | Reached skill level 15 in Evocations
 14271 | D        | Noticed a Hell Sentinel
 14282 | D        | Noticed a Hell Sentinel
 14285 | D        | Noticed a Hell Sentinel
 14288 | D        | Noticed a Hell Sentinel
 14293 | D        | Killed Dispater
 14298 | D        | Noticed a deep elf blademaster
 14304 | D        | Killed a deep elf blademaster
 14680 | D        | Noticed a Hell Sentinel
 14680 | D        | Noticed Louise
 14680 | D        | Noticed an orb of fire
 14681 | D        | Noticed Dissolution
 14681 | D        | Noticed a deep elf blademaster
 14682 | D        | Noticed an electric golem
 14684 | D        | Killed a deep elf blademaster
 14684 | D        | Killed Louise
 14684 | D        | Killed an electric golem
 14684 | D        | Killed Dissolution
 14685 | D        | Reached XP level 18. HP: 194/200 MP: 25/34
 14692 | D        | Killed an orb of fire
 14697 | D        | Killed a Hell Sentinel
 14959 | D        | Noticed a tentacled monstrosity
 14963 | D        | Killed a tentacled monstrosity
 14966 | D        | Noticed Oddian the pandemonium lord
 14973 | D        | Killed Oddian the pandemonium lord
 14999 | D        | Noticed a royal mummy
 14999 | D        | Noticed a pearl dragon
 14999 | D        | Noticed Gloorx Vloq
 15004 | D        | Killed a pearl dragon
 15007 | D        | Killed a royal mummy
 15010 | D        | Killed Gloorx Vloq
 15377 | D        | Noticed Ehoirifi the pandemonium lord
 15401 | D        | Killed Ehoirifi the pandemonium lord
 15410 | D        | Got the ring of the Threshing Coward {Ice rElec rPois rCorr
                  | Int-4}
 15415 | D        | Got the ring of Tizoast {rElec Will+ Str-3 Dex+2 SInv}
 15431 | D        | Got the ring "Amiplesy" {rN+ rCorr MP+9}
 15434 | D        | Got the amulet of Xom's Ringing Laughter {Acrobat +Inv rC+}
 15437 | D        | Got the ring of Life {Fly Will++}
 15440 | D        | Got the ring "Qiom" {Fly rPois}
 15443 | D        | Got the ring "Moruw" {AC+4 Int+6 Dex+3 SInv Stlth-}
 15446 | D        | Got an iron rune of Zot
 15450 | D        | Got the ring "Buti" {rElec rC+}
 15511 | D        | Noticed an orb of fire
 15519 | D        | Gained mutation: You occasionally lose the ability to read
                  | scrolls when taking damage. [an orb of fire]
 15520 | D        | Killed an orb of fire
 15894 | D        | Reached skill level 27 in Evocations
 15894 | D        | Reached skill level 1 in Spellcasting
 15896 | D        | Noticed Jory
 15904 | D        | Noticed a tentacled monstrosity
 15908 | D        | Killed Jory
 15914 | D        | Noticed Ereshkigal
 15918 | D        | Noticed a Tzitzimitl
 15924 | D        | Killed a tentacled monstrosity
 15937 | D        | Reached skill level 10 in Spellcasting
 15939 | D        | Noticed a Tzitzimitl
 15943 | D        | Killed Ereshkigal
 15969 | D        | Noticed a profane servitor
 15988 | D        | Killed a profane servitor
 16016 | D        | Noticed Otodon the pandemonium lord
 16017 | D        | Noticed a curse toe
 16024 | D        | Killed a curse toe
 16024 | D        | Killed Otodon the pandemonium lord
 16025 | D        | Reached skill level 15 in Spellcasting
 16025 | D        | Reached XP level 19. HP: 175/207 MP: 7/37
 16033 | D        | Noticed an ancient lich
 16048 | D        | Killed an ancient lich
 16310 | D        | Paralysed by an air elemental for 1 turns
 16327 | D        | Noticed Saint Roka
 16335 | D        | Killed Saint Roka
 16638 | D        | Noticed a golden dragon
 16640 | D        | Noticed Mara
 16644 | D        | Killed a golden dragon
 16644 | D        | Noticed Xtahua
 16645 | D        | Killed Mara
 16655 | D        | Killed Xtahua
 16666 | D        | Got Sif Muna's Lessons on Chthonic Freezing
 16669 | D        | Got the ring "Ucvigu Kiumm" {Dex+6 Stlth+}
 16845 | D        | Noticed Rupert
 16846 | D        | Killed Rupert
 16847 | D        | Reached skill level 27 in Spellcasting
 16847 | D        | Reached XP level 20. HP: 216/216 MP: 38/50
 16848 | D        | Reached skill level 10 in Axes
 17316 | D        | Got the ring "Ijerobb" {rElec rF+ rC- rCorr Int+3}
 17339 | D        | Got a silver rune of Zot
 17507 | D        | Noticed an ancient lich
 17508 | D        | Killed an ancient lich
 17527 | D        | Reached skill level 15 in Axes
 17736 | D        | Noticed a royal mummy
 17742 | D        | Killed a royal mummy
 18077 | D        | Noticed Margery
 18078 | D        | Noticed Bocecvyo the pandemonium lord
 18081 | D        | Killed Margery
 18082 | D        | Killed Bocecvyo the pandemonium lord
 18084 | D        | Identified the orb of Diywn {*channel, rCorr}
 18084 | D        | Noticed Frederick
 18085 | D        | Killed Frederick
 18212 | D        | Noticed a golden dragon
 18222 | D        | Killed a golden dragon
 18241 | D        | Noticed a royal mummy
 18242 | D        | Killed a royal mummy
 18242 | D        | Noticed a royal mummy
 18243 | D        | Reached skill level 27 in Axes
 18243 | D        | Reached skill level 27 in Polearms
 18243 | D        | Reached XP level 21. HP: 215/224 MP: 42/51
 18245 | D        | Killed a royal mummy
 18246 | D        | Reached skill level 10 in Fire Magic
 18246 | D        | Noticed Ignacio
 18247 | D        | Noticed Geryon
 18251 | D        | Killed Ignacio
 18251 | D        | Noticed a royal mummy
 18252 | D        | Killed a royal mummy
 18256 | D        | Killed Geryon
 18836 | D        | Got the Orb of Zot
 18944 | D        | Escaped with the Orb!

Illustrated notes

Levels and vault maps discovered:
D:        pitsprint [storerooms_1, entrance_room_1, metal_vault_6, armoury_2,
          mini_pit_1, grid_room_1, main_hall_1, silver_pit, the_coven_1,
          the_vestibule_1, steel_vault_2, golden_pit, hallway_of_sentries,
          crystal_vault_5, iron_vault_4, final_vault]

Skill      XL: |  1  2  3  4  5  6  7  8  9 10 11 12 13 14 15 16 17 18 19 20 21 |
---------------+----------------------------------------------------------------+-----
Fighting       | 4 5 6 7 8 10 11 12 14 16 18 20 22 25 27 | 27.0
Armour         | 4 5 6 7 8 10 11 13 14 16 18 20 21 25 27 | 27.0
Invocations    | 2 3 4 5 7 8 11 12 14 16 19 21 23 25 27 | 27.0
Shields        | 4 5 6 7 8 10 11 12 14 16 18 20 21 25 27 | 27.0
Axes           | 3 4 9 27 | 27.0
Maces & Flails | 2 3 8 12 15 20 23 27 | 27.0
Dodging        | 1 8 12 17 20 27 | 27.0
Evocations     | 19 27 | 27.0
Spellcasting   | 15 27 | 27.0
Polearms       | 8 27 | 27.0
Staves         | 14 23 | 23.9
Fire Magic     | 6 14 | 14.6

Action                     |  1- 3 |  4- 6 |  7- 9 | 10-12 | 13-15 | 16-18 | 19-21 || total
---------------------------+-------+-------+-------+-------+-------+-------+-------++-------
  Melee: Hand axe          |    28 |     4 |       |       |       |       |       ||    32
         Headbutt          |     3 |     2 |     5 |    23 |   120 |    94 |    41 ||   288
         War axe           |     1 |       |       |       |       |       |       ||     1
         Whip              |       |     9 |    44 |    74 |    23 |       |       ||   150
         Demon whip        |       |       |       |       |   365 |    10 |       ||   375
         Sacred scourge    |       |       |       |       |       |   123 |       ||   123
         Eveningstar       |       |       |       |       |       |   160 |   130 ||   290
  Throw: Stone             |       |       |       |     4 |       |       |       ||     4
 Invoke: Upheaval          |       |     4 |    16 |    48 |    37 |    85 |    33 ||   223
         Disaster Area     |       |       |       |     2 |     9 |     9 |    21 ||    41
    Use: Potion            |     5 |     2 |       |     2 |    27 |     9 |     2 ||    47
         Scroll            |       |       |       |       |     3 |     2 |       ||     5
   Stab: Invisible         |     3 |       |       |       |       |       |       ||     3
         Distracted        |       |       |       |       |       |       |     1 ||     1
 Armour: Scale mail        |    27 |       |       |       |       |       |       ||    27
         Plate armour      |       |    11 |    15 |    53 |    94 |    10 |     4 ||   187
         Shadow dragon sca |       |       |       |       |    25 |    44 |    23 ||    92
  Dodge: Dodged            |    25 |     2 |    15 |    25 |    77 |    78 |    30 ||   252
         Repelled          |       |       |     1 |     2 |    11 |     2 |     3 ||    19
  Block: Buckler           |    11 |     4 |    15 |    46 |   132 |       |       ||   208
         Tower shield      |       |       |       |       |   112 |   316 |   189 ||   617
         Reflection        |       |       |       |       |     6 |    19 |    14 ||    39
